 Dungeon Crawl Stone Soup version 0.30-a0-618-gd6c86c23d0 (webtiles) character file.

Game seed: 9236075909480226411

1659 Zonian the Covert (level 9, -3/46 HPs)
             Began as a Vine Stalker Brigand on Jan 10, 2023.
             Was a Follower of Uskayaw.
             Slain by a komodo dragon (20 damage)
             ... on level 6 of the Dungeon.
             The game lasted 00:14:55 (5457 turns).

Zonian the Covert (Vine Stalker Brigand)            Turns: 5457, Time: 00:14:56

Health: -3/46      AC:  3    Str: 14    XL:     9   Next: 0%
Magic:  0/10       EV: 14    Int: 11    God:    Uskayaw [*.....]
Gold:   276        SH:  5    Dex: 20    Spells: 8/8 levels left

rFire   . . .      SeeInvis .    p - +3 dagger (venom)
rCold   . . .      Faith    .    (no shield)
rNeg    . . .      Spirit   +    b - +0 robe
rPois   .          Reflect  +    (no helmet)
rElec   .          Harm     .    c - +0 cloak
rCorr   .          Rampage  .    (no gloves)
Will    +....                    (no boots)
Stlth   ++++                     m - amulet of reflection
HPRegen 1.07/turn                (no ring)
MPRegen 0.12/turn                (no ring)

@: no status effects
A: fangs 3, regeneration 1, magic shield, antimagic bite, no potion heal 2
a: Renounce Religion, Stomp


You were on level 6 of the Dungeon.
You worshipped Uskayaw.
Uskayaw was noncommittal.
You visited 2 branches of the dungeon, and saw 7 of its levels.

You collected 306 gold pieces.
You spent 30 gold pieces at shops.

Inventory:

Hand Weapons
 a - a +2 dagger
 j - a +1 dagger of venom
 k - a +0 lajatang
 l - a +0 heavy sling
 p - a +3 dagger of venom (weapon)
Missiles
 d - 13 poisoned darts (quivered)
 i - 6 silver boomerangs
 q - 2 curare-tipped darts
Armour
 b - a +0 robe (worn)
 c - a +0 cloak (worn)
 g - a +0 robe
 x - a +0 robe of willpower
Jewellery
 m - an amulet of reflection (around neck)
 r - a ring of protection from fire
Wands
 e - a wand of polymorph (5)
 w - a wand of roots (8)
Scrolls
 n - 2 scrolls of enchant weapon
 o - 2 scrolls of teleportation
 s - a scroll of amnesia {unknown}
 t - a scroll of butterflies {unknown}
 y - a scroll of enchant armour {unknown}
 z - 3 scrolls of magic mapping {unknown}
Potions
 f - 2 potions of brilliance
 h - a potion of curing
 u - a potion of flight
 v - a potion of cancellation {unknown}


   Skills:
 + Level 4.8 Fighting
 + Level 4.8 Short Blades
 + Level 4.8 Throwing
 + Level 4.0 Dodging
 + Level 8.1 Stealth


You had 8 spell levels left.
You didn't know any spells.
Your spell library contained the following spells:

 Spells                   Type           Power      Damage    Failure   Level
 Ensorcelled Hibernation  Hex/Ice        0%         N/A       47%         2
 Passwall                 Tmut/Erth      0%         N/A       47%         2
 Swiftness                Air            0%         N/A       71%         3


Dungeon Overview and Level Annotations

Branches:
Dungeon (6/15)             Temple (1/1) D:6

Altars:
Cheibriados
Elyvilon
Fedhas
Gozag
Qazlal
Ru
Uskayaw
Vehumet
Xom
The Shining One

Shops:
D:4 ?:==   D:5 :


Innate Abilities, Weirdness & Mutations

You have razor-sharp teeth.
Your natural rate of healing is unusually fast.
When hurt, damage is shared between your health and your magic reserves.
Your bite disrupts and absorbs the magic of your enemies.
Potions cannot restore your health.


Message History

The white imp is almost dead.
The white imp gestures at you. The puff of frost hits you.
You hit the white imp.
You kill the white imp!
No target in view!
No target in view!
An orc comes into view. It is wielding a +0 war axe.
A komodo dragon comes into view.
The komodo dragon hisses angrily.
A hound comes into view.
Found 5 stones.
The orc shouts!
You hear a bark!
The orc barely misses you.
You hit the orc.
The orc is moderately wounded.
You barely miss the orc. You bite the orc. You drain its power.
You feel invigorated.
The orc is almost dead.
The orc hits you with a +0 war axe!
You hit the orc.
You kill the orc!
You hit the komodo dragon but do no damage.
The komodo dragon is poisoned.
The komodo dragon bites you!!
Ouch! That really hurt!
You hear a bark!
You hit the komodo dragon.
The komodo dragon looks as sick as possible!
You bite the komodo dragon. You drain its power.
You feel invigorated.
The komodo dragon is lightly wounded.
The komodo dragon barely misses you.
Aiming: Fastroot
Press: ? - help, Shift-Dir - straight line, f - komodo dragon
Aim: a komodo dragon (lightly wounded, extremely poisoned)
The roots erupt in riotous growth!
Roots grab the komodo dragon.
The grasping roots constrict the komodo dragon.
You hear an angry growl.
The orc completely misses you. The komodo dragon bites you!!
You die...

##.#.#.#≈#
≈.<...'.########.
#....#..≈≈.≈.....###
#.. #..######≈≈.##+#
#.# #.......##~###.#
#.# #..............#
#.# #.....#...o....
#.# ##.#...#### .#
#.#
...#...######(####.#
###
#####..h...l@o......#
#..##############
#>.. #...# #...#
#.l.# ..h.# #.#.#


You could see a komodo dragon (extremely poisoned, rooted), a hound and an orc.

Vanquished Creatures
  Grinder (D:3)
  2 water moccasins
  Duvessa (D:4)
  A sky beast (D:6)
  An ogre (D:5)
  An ice beast (D:6)
  A black bear (D:5)
  A centaur (D:6)
  2 phantoms
  A necrophage (D:5)
  Dowan (D:4)
  A hound (D:2)
  2 orc priests
  2 jellies (D:4)
  An iguana (D:5)
  3 orc wizards
  4 gnolls (D:6)
  6 adders
  A white imp (D:6)
  A worm (D:2)
  A dart slug (D:3)
  18 orcs
  5 ball pythons
  4 endoplasms
  4 giant cockroaches
  11 goblins
  8 hobgoblins
  5 jackals
  7 quokkas
  4 bats
  5 frilled lizards
  5 kobolds
  A rat (D:2)
112 creatures vanquished.

Notes
Turn   | Place    | Note
-------+----------+-------------------------------------------
     0 | D:1      | Zonian the Vine Stalker Brigand began the quest for the
                  | Orb.
     0 | D:1      | Reached XP level 1. HP: 11/11 MP: 2/2
    60 | D:1      | Reached skill level 1 in Dodging
    60 | D:1      | Reached XP level 2. HP: 12/15 MP: 0/3
    76 | D:1      | Reached skill level 5 in Stealth
   279 | D:1      | Reached XP level 3. HP: 18/18 MP: 2/4
  1414 | D:2      | Gained mutation: Your natural rate of healing is unusually
                  | fast. [Vine Stalker growth]
  1414 | D:2      | Reached XP level 4. HP: 23/23 MP: 5/5
  1602 | D:3      | Noticed Grinder
  2281 | D:3      | Paralysed by Grinder for 2 turns
  2291 | D:3      | Killed Grinder
  2292 | D:3      | Reached skill level 6 in Stealth
  2292 | D:3      | Reached XP level 5. HP: 16/28 MP: 6/6
  2292 | D:3      | Reached XP level 6. HP: 18/32 MP: 7/7
  3010 | D:4      | Noticed Duvessa
  3010 | D:4      | Noticed Dowan
  3024 | D:5      | Entered Level 5 of the Dungeon
  3436 | D:5      | Noticed a black bear
  3445 | D:5      | Reached XP level 7. HP: 21/36 MP: 5/8
  3508 | D:5      | Found Xeroumeu's Book Boutique.
  3906 | D:4      | Killed Duvessa
  3919 | D:4      | Killed Dowan
  4183 | D:4      | Found Rubb's Magic Scroll Boutique.
  4187 | D:4      | Found Ruam's Jewellery Boutique.
  4188 | D:4      | Found Zounuypn's Jewellery Boutique.
  4188 | D:4      | Found Lathetuthra's Book Boutique.
  4216 | D:4      | Bought a scroll of teleportation for 30 gold pieces
  4227 | D:4      | Reached skill level 7 in Stealth
  4431 | D:4      | Found a stormy altar of Qazlal.
  4436 | D:4      | Gained mutation: You have razor-sharp teeth. [Vine Stalker
                  | growth]
  4436 | D:4      | Reached XP level 8. HP: 42/42 MP: 9/9
  4852 | D:6      | Found a radiant altar of Vehumet.
  5191 | D:6      | Found a staircase to the Ecumenical Temple.
  5207 | Temple   | Entered the Ecumenical Temple
  5215 | Temple   | Became a worshipper of Uskayaw the Reveller
  5295 | D:6      | Reached * piety under Uskayaw
  5297 | D:6      | Reached skill level 8 in Stealth
  5346 | D:6      | Reached ** piety under Uskayaw
  5355 | D:6      | Reached XP level 9. HP: 44/46 MP: 10/10
  5443 | D:6      | Noticed a komodo dragon
  5457 | D:6      | Slain by a komodo dragon

Illustrated notes

Levels and vault maps discovered:
D:1:      erik_arrival_triangle_large, layout_rooms, minmay_heptomino_h4
D:2:      layout_loops_ring, roderic_roman_lattice
D:3:      layout_loops_ring, uniq_grinder
D:4:      layout_loops_cross, nicolae_qazlal_general_emergency,
          minmay_shop_grid_forest, uniq_duvessa
D:5:      layout_basic, serial_shops, nicolae_take_the_stairs
D:6:      layout_basic, mainiacjoe_overflow_alcove_4,
          mainiacjoe_overflow_six_doors_small, minmay_temple_entry_junction,
          chequers_serial_rivers_small_b, hex_medium
Temple:   eino_temple_lava

Skill      XL: |  1  2  3  4  5  6  7  8 |
---------------+-------------------------+-----
Dodging        | 1 2 3 4 |  4.0
Short Blades   | 2 3 4 |  4.8
Stealth        | 5 6 7 8 |  8.1
Fighting       | 2 3 4 |  4.8
Throwing       | 2 3 4 |  4.8

Action                   |  1- 3 |  4- 6 |  7- 9 || total
-------------------------+-------+-------+-------++-------
Melee: Dagger            |    84 |    60 |   186 ||   330
       Bite              |    20 |    19 |    64 ||   103
       Punch             |     1 |       |     4 ||     5
       Unarmed           |       |     3 |       ||     3
Throw: Dart              |    44 |     7 |    20 ||    71
       Boomerang         |       |     2 |       ||     2
Evoke: Wand              |       |       |     1 ||     1
  Use: Scroll            |       |     8 |     4 ||    12
       Potion            |       |     2 |     1 ||     3
 Stab: Sleeping          |     6 |     3 |     6 ||    15
       Distracted        |     1 |       |       ||     1
Armor: Robe              |    17 |    10 |    14 ||    41
Dodge: Dodged            |    34 |    31 |   106 ||   171
Block: Other             |     1 |    12 |    27 ||    40
       Reflection        |       |       |     1 ||     1

Table legend: (Time is in decaauts)
 A = Elapsed time spent in this place.
 B = Non-inter-level travel time spent in this place.
 C = Inter-level travel time spent in this place.
 D = Time resting spent in this place.
 E = Time spent auto-exploring this place.
 F = Levels seen in this place.
 G = Mean time per level.
                   A        B        C        D        E       F      G
               +--------+--------+--------+--------+--------+-----+--------+
         Total |   5393 |   5254 |    139 |   1232 |   2418 |   7 |  770.4 |
       Dungeon |   5376 |   5245 |    131 |   1232 |   2418 |   6 |  896.0 |
        Temple |     16 |      8 |      8 |      0 |      0 |   1 |   16.0 |
               +--------+--------+--------+--------+--------+-----+--------+

Top non-repeatable levels by time:
     D:4: 1139 daAuts
     D:2: 1135 daAuts
     D:5: 1023 daAuts
     D:3: 862 daAuts
     D:6: 630 daAuts
     D:1: 584 daAuts
  Temple: 16 daAuts
